AoeStats
← danmen2001

Arena

509489110Analyzed
4v4 RM · 7d ago on Sep 26, 2026· 47m 56s· 8 players
Game mode
Random Map
Map size
Large (8 player)
Population
200
Speed
Normal
Resources
Standard
Victory
Conquest
Starting age
Dark Age
Ending age
Imperial Age
RankedLock teamsTeams togetherTeam positionsShared explorationLock speedFull tech treeHidden civsTurbo modeCheats
Victory
Defeat
🇦🇷 Franks · Argentina
1231
+13
🇦🇷 Aztecs · Argentina
1228
+14
🇦🇺 Inca · Australia
1214
+14
1208
+14
🇺🇸 Varangians · United States
1205
-14
🇨🇴 Portuguese · Colombia
1190
-15
🇲🇽 Italians · Mexico
1152
-13
🇺🇸 Teutons · United States
1150
-13
danmen2001
10:44 Feudal Age
12:10 Loom
15:00 Castle Age
14:12 Double-Bit Axe
15:57 Bow Saw
15:47 Horse Collar
22:25 Fletching
23:01 Gold Mining
27:43 Wheelbarrow
DaffyString6851
5:22 Loom
7:56 Loom
11:55 Feudal Age
15:41 Castle Age
13:36 Double-Bit Axe
14:49 Horse Collar
17:34 Bow Saw
21:04 Heavy Plow
22:51 Wheelbarrow
25:08 Hand Cart
25:46 Pikeman
26:27 Squires
27:09 Bloodlines
27:51 Gold Mining
27:56 Stone Mining
27:57 Town Watch
28:36 Scale Barding Armor
28:42 Forging
29:56 Chain Barding Armor
31:24 Fletching
36:02 Imperial Age
34:30 Iron Casting
33:50 Bodkin Arrow
36:18 Cavalier
37:38 Conscription
37:23 Paladin
39:00 Plate Barding Armor
38:26 Scale Mail Armor
39:27 Blast Furnace
37:56 Elite Teutonic Knight
40:23 Two-Man Saw
39:54 Crop Rotation
40:07 Stone Shaft Mining
40:59 Chain Mail Armor
46:01 Plate Mail Armor
46:21 Fortified Wall
47:12 Chemistry
46:34 Ballistics
OXYEHHO
10:40 Feudal Age
12:33 Wheelbarrow
15:17 Castle Age
13:27 Double-Bit Axe
13:33 Horse Collar
20:25 Bow Saw
21:25 Hand Cart
26:22 Loom
29:13 Imperial Age
27:01 Scale Barding Armor
26:46 Town Watch
27:19 Heavy Plow
28:04 Bloodlines
27:56 Gold Mining
28:48 Stone Mining
29:34 Chain Barding Armor
29:25 Forging
29:31 Husbandry
29:22 Cavalier
30:41 Plate Barding Armor
30:01 Vendel Legacy
31:26 Iron Casting
32:37 Fletching
33:47 Blast Furnace
32:33 Capped Ram
33:18 Heavy Scorpion
35:52 Conscription
36:13 Siege Ram
38:11 Light Cavalry
41:46 Scale Mail Armor
42:15 Squires
Art88P
11:09 Feudal Age
14:53 Castle Age
13:03 Double-Bit Axe
13:02 Horse Collar
16:52 Bow Saw
18:48 Wheelbarrow
18:20 Heavy Plow
24:37 Stone Mining
24:37 Gold Mining
24:53 Loom
25:49 Stone Shaft Mining
29:36 Imperial Age
27:33 Ballistics
27:29 Fletching
27:40 Padded Archer Armor
27:14 Crossbowman
28:18 Thumb Ring
28:19 Town Watch
28:38 Scale Mail Armor
28:34 Bodkin Arrow
28:58 Leather Archer Armor
28:46 Scale Mail Armor
29:35 Hand Cart
29:31 Treadmill Crane
30:05 Fortified Wall
30:07 Masonry
29:52 Arbalester
30:43 Bracer
32:05 Chemistry
30:51 Pikeman
31:32 Squires
33:02 Ring Archer Armor
32:48 Chain Mail Armor
32:43 Forging
36:35 Plate Mail Armor
36:41 Iron Casting
37:02 Conscription
40:13 Iron Casting
42:34 Blast Furnace
43:51 Town Patrol
Tzilacatzin
2:26 Loom
9:34 Feudal Age
10:15 Double-Bit Axe
17:13 Castle Age
15:22 Stone Mining
16:50 Wheelbarrow
18:05 Bow Saw
18:21 Horse Collar
18:50 Town Watch
19:36 Fletching
20:50 Hand Cart
23:31 Scale Mail Armor
24:34 Forging
25:06 Squires
26:08 Gold Mining
28:06 Heavy Plow
28:43 Gold Shaft Mining
32:29 Imperial Age
30:37 Chain Mail Armor
32:20 Iron Casting
31:32 Arson
31:08 Pikeman
33:44 Plate Mail Armor
33:49 Conscription
34:24 Garland Wars
37:53 Blast Furnace
37:43 Crop Rotation
39:58 Elite Jaguar Warrior
46:55 Bodkin Arrow
47:34 Bodkin Arrow
Zargon
0:26 Loom
10:44 Feudal Age
11:29 Double-Bit Axe
17:35 Castle Age
16:48 Scale Barding Armor
17:41 Wheelbarrow
17:48 Forging
18:19 Husbandry
19:25 Iron Casting
25:57 Chain Barding Armor
30:18 Hand Cart
32:39 Bow Saw
38:13 Imperial Age
38:16 Cavalier
39:33 Plate Barding Armor
39:59 Blast Furnace
40:58 Paladin
45:30 Fortified Wall
46:21 Chemistry
45:37 Town Watch
46:26 Light Cavalry
47:21 Fletching
47:55 Ballistics
47:30 Murder Holes
帝国时代2--叶枫
2:53 Loom
10:49 Feudal Age
15:24 Castle Age
13:32 Horse Collar
14:10 Double-Bit Axe
16:50 Heavy Plow
22:11 Wheelbarrow
23:09 Bow Saw
27:29 Imperial Age
25:17 Gold Mining
25:56 Stone Mining
26:33 Husbandry
26:43 Bloodlines
27:19 Masonry
28:31 Gold Shaft Mining
28:04 Scale Barding Armor
28:10 Forging
29:17 Chemistry
29:48 Conscription
29:59 Chain Barding Armor
30:15 Iron Casting
29:56 Loom
29:59 Elite Mameluke
31:28 Hand Cart
30:59 Town Watch
33:24 Plate Barding Armor
33:51 Blast Furnace
32:54 Town Patrol
33:57 Two-Man Saw
34:46 Fletching
37:45 Bodkin Arrow
38:51 Ballistics
38:36 Siege Engineers
38:34 Bracer
39:03 Counterweights
39:27 Padded Archer Armor
41:23 Murder Holes
42:43 Heavy Camel Rider
43:26 Light Cavalry
46:08 Bimaristan
48:20 Coinage
47:56 Caravan
LiamJ5500
12:34 Feudal Age
12:59 Horse Collar
13:04 Double-Bit Axe
15:16 Loom
18:08 Castle Age
16:31 Scale Mail Armor
17:53 Wheelbarrow
20:31 Forging
22:13 Town Watch
22:47 Chain Mail Armor
24:16 Iron Casting
23:15 Champi Runner
23:58 Squires
24:08 Heavy Plow
24:57 Bow Saw
24:39 Gold Mining
25:25 Arson
27:12 Gold Shaft Mining
28:15 Champi Warrior
31:46 Andean Sling
35:03 Imperial Age
32:39 Pikeman
35:10 Elite Champi Warrior
36:23 Plate Mail Armor
36:54 Blast Furnace
36:16 Conscription
36:36 Fabric Shields
36:51 Fletching
39:21 Capped Ram
41:28 Siege Ram
43:42 Halberdier
47:00 Caravan
Connection lost

Rejoining the realm…

Still unreachable

The connection could not be restored.

Session expired

The server has moved on; the page needs a fresh start.